 Dungeon Crawl Stone Soup version 0.19.1-1-g22dce08 (webtiles) character file.

12581 Murfle the Basher (level 11, 0/103 HPs)
             Began as a Minotaur Fighter on Jan 15, 2017.
             Was a Priest of the Shining One.
             Slain by Gastronok (14 damage)
             ... on level 2 of the Lair of Beasts.
             The game lasted 00:56:18 (11246 turns).

Murfle the Basher (Minotaur Fighter)               Turns: 11246, Time: 00:56:19

Health: 0/103      AC: 22    Str: 22    XL:     11   Next: 64%
Magic:  18/18      EV: 11    Int:  5    God:    the Shining One [***...]
Gold:   303        SH: 19    Dex: 17    Spells: 0 memorised, 20 levels left

rFire  . . .     SeeInvis .     U - +2 morningstar (protect)
rCold  . . .     Gourm    .     y - +0 plate armour
rNeg   + . .     Faith    .     c - +0 shield
rPois  +         Spirit   .     (helmet restricted)
rElec  .         Reflect  .     B - +2 cloak
rCorr  .         Harm     .     D - +2 pair of gloves
MR     .....                    (no boots)
Stlth  ..........               o - amulet of rage {babbrage}
                                M - ring of poison resistance
                                R - +2 ring of slaying

@: agile, protection aura, glowing
A: retaliatory headbutt, horns 2, large bone plates 2, deformed body,
deterioration 1, robust 1, wild magic 1
a: Divine Shield, Renounce Religion, Evoke Berserk Rage


You were on level 2 of the Lair of Beasts.
You worshipped the Shining One.
The Shining One was most pleased with you.
You were hungry.

You visited 3 branches of the dungeon, and saw 12 of its levels.

You collected 654 gold pieces.
You spent 351 gold pieces at shops.

Inventory:

Hand Weapons
 n - the +8 trident of Anguish {venom, +Fly rC+ Int-3}
   (You found it on level 1 of the Lair of Beasts)

   It poisons the flesh of those it strikes.
   It affects your intelligence (-3).
   It protects you from cold.
   It lets you fly.
   The Shining One disapproves of the use of such an item.
 U - a +2 morningstar of protection (weapon)
 Y - the +8 dagger "Wedih" {freeze, rN++ Str+3 Int-5 Dex+4}
   (You found it on level 9 of the Dungeon)

   It has been specially enchanted to freeze those struck by it, causing extra
   injury to most foes and up to half again as much damage against particularly
   susceptible opponents.
   It can also slow down cold-blooded creatures.
   It affects your strength (+3).
   It affects your intelligence (-5).
   It affects your dexterity (+4).
   It greatly protects you from negative energy.
Missiles
 t - 396 stones (quivered)
Armour
 c - a +0 shield (worn)
 y - a +0 plate armour (worn)
 B - a +2 cloak (worn)
 D - a +2 pair of gloves (worn)
 Q - a +0 plate armour
Jewellery
 i - an uncursed amulet of the gourmand
 o - an amulet of rage (around neck) {babbrage}
 s - a cursed -3 ring of intelligence
 K - an uncursed ring of ice {unknown}
 M - a ring of poison resistance (right hand)
 R - a +2 ring of slaying (left hand)
 V - an uncursed ring of protection from magic
Wands
 d - a wand of slowing (39/48)
 p - a wand of paralysis (8/24)
 v - a wand of enslavement (6/24)
 w - a wand of flame (8/48)
 z - a wand of flame (16/48)
 G - a wand of slowing (20/48)
 O - a wand of flame (8/48)
 S - a wand of lightning (6/15)
Scrolls
 h - 6 scrolls of teleportation
 l - 3 scrolls of remove curse
 u - 2 scrolls of magic mapping
 C - a scroll of blinking
 E - 2 scrolls of identify
Potions
 a - a potion of lignification {unknown}
 e - 4 potions of curing
 g - a potion of agility
 k - a potion of beneficial mutation {unknown}
 m - a potion of ambrosia {unknown}
 A - a potion of invisibility {unknown}
 H - 4 potions of brilliance
 J - a potion of cure mutation {unknown}
 L - 2 potions of might
 P - 3 potions of heal wounds
 X - a potion of haste
Books
 F - a book of Maledictions

   Spells                             Type                      Level
   a - Corona                         Hexes                        1
   b - Ensorcelled Hibernation        Hexes/Ice                    2
   c - Confuse                        Hexes                        3
   d - Tukima's Dance                 Hexes                        3
   e - Dazzling Spray                 Conjuration/Hexes            3
 I - a book of Maledictions

   Spells                             Type                      Level
   a - Corona                         Hexes                        1
   b - Ensorcelled Hibernation        Hexes/Ice                    2
   c - Confuse                        Hexes                        3
   d - Tukima's Dance                 Hexes                        3
   e - Dazzling Spray                 Conjuration/Hexes            3
 N - the Grimoire of Malediction and Fire
   (You found it on level 7 of the Dungeon)

   Spells                             Type                      Level
   a - Flame Tongue                   Conjuration/Fire             1
   b - Fulminant Prism                Conjuration/Hexes            4
   c - Ring of Flames                 Charms/Fire                  7
   d - Discord                        Hexes                        8
Comestibles
 f - 5 bread rations
 j - 3 slices of pizza
 q - 2 beef jerkies
 r - 9 royal jellies
 x - 4 meat rations


   Skills:
 + Level 8.0 Fighting
 + Level 12.2 Maces & Flails
 + Level 8.2 Armour
 + Level 10.7 Shields
 * Level 5.4 Spellcasting
 * Level 5.9 Evocations


You had 20 spell levels left.
You didn't know any spells.

Dungeon Overview and Level Annotations

Branches:
Dungeon (9/15)             Temple (1/1) D:4            Lair (2/6) D:8
  Swamp (0/4) Lair:2        Snake (0/4) Lair:2
    Orc: D:9-12

Altars:
Ashenzari
Cheibriados
Dithmenos
Elyvilon
Fedhas
Kikubaaqudgha
Makhleb
Nemelex Xobeh
Okawaru
Qazlal
Ru
Trog
Uskayaw
Vehumet
Xom
Yredelemnul
Zin
The Shining One

Shops:
D:6 }[   D:8 ?

Annotations:
Lair:2 Gastronok


Innate Abilities, Weirdness & Mutations

You reflexively headbutt those who attack you in melee.
You have a pair of horns on your head.
You are mostly covered in large bone plates. (SH +6)
Armour fits poorly on your strangely shaped body.
Your body sometimes deteriorates upon taking damage.
You are robust. (+10% HP)
Your spells are a little harder to cast, but a little more powerful.


Message History

Gastronok is severely wounded.
It was a potion of agility.
You feel agile all of a sudden. Gastronok bites you but does no damage.
You hit Gastronok.
You headbutt Gastronok, but do no damage.
Gastronok is severely wounded.
You hit Gastronok. You headbutt Gastronok!
Gastronok is severely wounded.
Gastronok chants a spell, wobbling all the while.
Gastronok puts on a burst of speed!
You puncture Gastronok! You headbutt Gastronok.
Gastronok is almost dead.
You hit Gastronok but do no damage.
Gastronok is almost dead.
You impale Gastronok!!
Gastronok is almost dead.
Gastronok gurgles.
Gastronok bites you!
You die...

..##..# ......# ## ##
...## ...#.###P####.
#..#.#
..............###.....##
.......................#
........................
........................
........................
......§§.§§....w@.......
.........§.....%........
........§.§§......[.....
........§..............#
........>§§.............
..P......§§.............
......§§.§§.............
.........§§.............
...#.#.##§#..P.#P......


You could see Gastronok.

Vanquished Creatures
  The ghost of fatfloppyjuicyveiny the Crack Shot, a journeyman CeHu of Okawaru (Lair:2)
  The ghost of Rrauwl the Cudgeler, a novice OgBe of Trog (D:6)
  A black mamba (Lair:2)
  5 spiny frogs
  A rime drake (Lair:2)
  2 komodo dragons
  A queen bee (D:8)
  Prince Ribbit (D:8)
  Grinder (D:4)
  5 blink frogs (Lair:2)
  3 hippogriffs
  Sigmund (D:6)
  12 yaks (Lair:2)
  Menkaure (D:6)
  7 water moccasins
  A porcupine (Lair:1)
  An ice beast (D:9)
  An orc warrior (D:6)
  A sky beast (D:9)
  4 phantoms
  A necrophage (D:8)
  4 ogres
  A centaur (D:8)
  2 crocodiles
  6 bullfrogs
  5 scorpions
  13 killer bees (D:8)
  A howler monkey (D:5)
  A bullfrog zombie (D:5)
  A centaur zombie (D:4)
  2 jellies
  5 crimson imps
  3 hounds
  Crazy Yiuf (D:6)
  4 orc priests
  2 centaur skeletons
  2 bullfrog skeletons (D:5)
  4 iguanas
  Ijyb (D:3)
  8 orc wizards
  8 worker ants
  2 killer bee zombies (D:5)
  A hound skeleton (D:5)
  A mummy (D:7)
  A worker ant zombie (D:4)
  14 gnolls
  8 adders
  A shadow imp (D:5)
  2 oozes (D:1)
  2 adder skeletons (D:4)
  An adder zombie (D:4)
  6 worms
  3 leopard geckos
  25 orcs
  3 ball pythons
  5 bats
  4 bat zombies (D:4)
  7 giant cockroaches
  9 hobgoblins
  14 jackals
  12 kobolds
  2 quokkas
  A ball python skeleton (D:4)
  5 frilled lizards
  9 goblins
  4 kobold zombies (D:7)
  A leopard gecko skeleton (D:5)
  2 quokka skeletons (D:4)
  A quokka zombie (D:6)
  10 rats
  3 rat zombies (D:4)
285 creatures vanquished.

Notes
Turn   | Place    | Note
-------+----------+-------------------------------------------
     0 | D:1      | Murfle the Minotaur Fighter began the quest for the Orb.
     0 | D:1      | Reached XP level 1. HP: 19/19 MP: 0/0
   216 | D:1      | Reached XP level 2. HP: 23/27 MP: 1/1
   411 | D:1      | Reached XP level 3. HP: 26/33 MP: 2/2
  1242 | D:2      | Reached XP level 4. HP: 40/40 MP: 3/3
  1481 | D:2      | Reached skill level 3 in Maces & Flails
  1657 | D:3      | Found a radiant altar of Vehumet.
  1711 | D:3      | Gained mutation: You are partially covered in large bone plates. (SH +4) [potion of mutation]
  1711 | D:3      | Gained mutation: You are robust. (+10% HP) [potion of mutation]
  1722 | D:3      | Reached skill level 1 in Spellcasting
  1724 | D:3      | Reached XP level 5. HP: 17/51 MP: 5/5
  2242 | D:3      | Reached skill level 4 in Maces & Flails
  2408 | D:3      | Noticed Ijyb
  2416 | D:3      | Killed Ijyb
  2445 | D:3      | Reached skill level 5 in Shields
  2463 | D:3      | Found a basalt altar of Yredelemnul.
  2824 | D:4      | Reached XP level 6. HP: 52/58 MP: 7/7
  2922 | D:4      | Noticed Grinder
  2956 | D:4      | Paralysed by Grinder for 2 turns
  2963 | D:4      | Paralysed by Grinder for 2 turns
  2964 | D:4      | HP: 2/58 [bat zombie (1)]
  2983 | D:4      | Paralysed by Grinder for 4 turns
  3000 | D:4      | Killed Grinder
  3000 | D:4      | Reached skill level 5 in Fighting
  3000 | D:4      | Reached skill level 5 in Maces & Flails
  3000 | D:4      | Reached skill level 5 in Armour
  3083 | D:4      | Reached XP level 7. HP: 32/67 MP: 7/9
  3461 | D:4      | Found an ancient bone altar of Kikubaaqudgha.
  3535 | D:4      | Found a staircase to the Ecumenical Temple.
  3555 | Temple   | Entered the Ecumenical Temple
  3574 | Temple   | Became a worshipper of the Shining One
  3593 | D:4      | Gained mutation: You are mostly covered in large bone plates. (SH +6) [potion of mutation]
  3593 | D:4      | Gained mutation: Your spells are a little harder to cast, but a little more powerful. [potion of mutation]
  3602 | D:4      | Found a snail-covered altar of Cheibriados.
  3721 | D:5      | Entered Level 5 of the Dungeon
  4000 | D:5      | Found a glowing silver altar of Zin.
  4099 | D:5      | Found a shadowy altar of Dithmenos.
  4102 | D:5      | Reached * piety under the Shining One
  4118 | D:5      | Reached skill level 6 in Maces & Flails
  4147 | D:5      | Found a faded altar of an unknown god.
  4147 | D:5      | Found a faded altar of an unknown god.
  4154 | D:5      | Found a white marble altar of Elyvilon.
  4159 | D:5      | Found a faded altar of an unknown god.
  4160 | D:5      | Found a faded altar of an unknown god.
  4250 | D:5      | Reached XP level 8. HP: 72/74 MP: 11/11
  5172 | D:6      | Reached skill level 1 in Evocations
  5174 | D:6      | Found Toeberasy's Antique Armour Boutique.
  5197 | D:6      | Bought a glowing cloak for 241 gold pieces
  5205 | D:6      | Noticed Menkaure
  5217 | D:6      | Killed Menkaure
  5217 | D:6      | Reached skill level 7 in Maces & Flails
  5327 | D:6      | Noticed Rrauwl's ghost (novice OgBe)
  5352 | D:6      | Killed Rrauwl's ghost
  5352 | D:6      | Reached ** piety under the Shining One
  5583 | D:6      | Noticed Sigmund
  5595 | D:6      | Killed Sigmund
  5595 | D:6      | Reached XP level 9. HP: 82/82 MP: 13/13
  5616 | D:6      | Reached skill level 8 in Maces & Flails
  5761 | D:6      | Found a stormy altar of Qazlal.
  5823 | D:6      | Found a shattered altar of Ashenzari.
  5963 | D:6      | Found Tadaziemm's Gadget Boutique.
  6067 | D:6      | Found a runed door.
  6071 | D:6      | Noticed Crazy Yiuf
  6077 | D:6      | Killed Crazy Yiuf
  6395 | D:7      | Gained mutation: Your body sometimes deteriorates upon taking damage. [potion of mutation]
  6395 | D:7      | Gained mutation: Armour fits poorly on your strangely shaped body. [potion of mutation]
  6884 | D:7      | Identified the Grimoire of Malediction and Fire
  7005 | D:7      | Found a sparkling altar of Nemelex Xobeh.
  7231 | D:7      | Reached skill level 9 in Maces & Flails
  7349 | D:8      | Noticed a queen bee
  7362 | D:8      | Killed a queen bee
  7441 | D:8      | Reached *** piety under the Shining One
  8035 | D:8      | Noticed Prince Ribbit
  8044 | D:8      | Killed Prince Ribbit
  8044 | D:8      | Reached XP level 10. HP: 92/92 MP: 15/15
  8060 | D:8      | Found a staircase to the Lair.
  8112 | D:8      | Found a hide-covered altar of Uskayaw.
  8375 | D:8      | Found a shimmering altar of Xom.
  8534 | D:8      | Found Asomp's Magic Scroll Boutique.
  8540 | D:8      | Bought a scroll of identify for 20 gold pieces
  8540 | D:8      | Bought a scroll of identify for 20 gold pieces
  8540 | D:8      | Bought a scroll of identify for 20 gold pieces
  8540 | D:8      | Bought a scroll of identify for 20 gold pieces
  8540 | D:8      | Bought a scroll of remove curse for 30 gold pieces
  8849 | D:9      | Reached skill level 10 in Maces & Flails
  9485 | D:9      | Got an iridescent dagger
  9496 | D:9      | Identified the +8 dagger "Wedih" {freeze, rN++ Str+3 Int-5 Dex+4} (You found it on level 9 of the Dungeon)
  9508 | D:9      | Found a sacrificial altar of Ru.
  9701 | Lair:1   | Entered Level 1 of the Lair of Beasts
  9903 | Lair:1   | Noticed a spiny frog
  9903 | Lair:1   | Noticed a spiny frog
  9909 | Lair:1   | Killed a spiny frog
  9913 | Lair:1   | Killed a spiny frog
  9962 | Lair:1   | Got a bone trident
  9963 | Lair:1   | Identified the +8 trident of Anguish {venom, +Fly rC+ Int-3} (You found it on level 1 of the Lair of Beasts)
 10032 | Lair:1   | Reached skill level 11 in Maces & Flails
 10068 | Lair:1   | Noticed a spiny frog
 10076 | Lair:1   | Killed a spiny frog
 10076 | Lair:1   | Reached skill level 5 in Spellcasting
 10256 | Lair:2   | Reached XP level 11. HP: 97/101 MP: 17/17
 10279 | Lair:2   | Found a staircase to the Swamp.
 10367 | Lair:2   | Reached skill level 5 in Evocations
 10369 | Lair:2   | Reached skill level 10 in Shields
 10562 | Lair:2   | Noticed fatfloppyjuicyveiny's ghost (journeyman CeHu)
 10576 | Lair:2   | Killed fatfloppyjuicyveiny's ghost
 10786 | Lair:2   | Reached skill level 12 in Maces & Flails
 10828 | Lair:2   | Found a staircase to the Snake Pit.
 11224 | Lair:2   | Noticed Gastronok
 11246 | Lair:2   | Slain by Gastronok

Skill      XL: |  1  2  3  4  5  6  7  8  9 10 11 |
---------------+----------------------------------+-----
Fighting       | 4 5 6 7 8 |  8.0
Shields        | 4 5 6 7 9 10 | 10.7
Armour         | 4 5 6 7 8 |  8.2
Maces & Flails | 3 4 5 6 7 9 11 12 | 12.2
Spellcasting   | 1 2 3 4 5 |  5.4
Evocations     | 2 3 4 5 |  5.9

Action                   |  1- 3 |  4- 6 |  7- 9 | 10-12 || total
-------------------------+-------+-------+-------+-------++-------
Melee: Flail             |   137 |   226 |   323 |       ||   686
       Headbutt          |    16 |    25 |    75 |    61 ||   177
       Mace              |       |       |    92 |       ||    92
       Morningstar       |       |       |    10 |   288 ||   298
Throw: Stone             |       |     2 |    27 |    11 ||    40
  Use: Scroll            |     4 |     6 |     9 |     9 ||    28
       Potion            |       |     7 |     3 |     1 ||    11
  Eat: Chunk             |     1 |     7 |    13 |     9 ||    30
       Bread ration      |       |       |     1 |       ||     1
Armor: Scale mail        |    20 |       |       |       ||    20
       Chain mail        |    28 |   121 |   118 |    52 ||   319
       Plate armour      |       |       |       |    47 ||    47
Dodge: Dodged            |    43 |    34 |    55 |    40 ||   172
Block: Shield            |    73 |   155 |   361 |   263 ||   852
